 Dungeon Crawl Stone Soup version 0.28-a0-384-g9e0c098162 (webtiles) character file.

Game seed: 11110035349557289346

187 Spaninq the Digger (level 5, 0/49 HPs)
             Began as a Troll Earth Elementalist on Sept 2, 2021.
             Was an Initiate of the Shining One.
             Slain by a centaur (4 damage)
             ... on level 4 of the Dungeon.
             The game lasted 00:05:45 (2210 turns).

Spaninq the Digger (Troll Earth Elementalist)       Turns: 2210, Time: 00:05:46

Health: 0/49       AC:  4    Str: 16    XL:     5   Next: 39%
Magic:  5/5        EV:  9    Int: 12    God:    the Shining One [......]
Gold:   121        SH:  0    Dex: 10    Spells: 5/6 levels left

rFire   . . .      SeeInvis .     - Unarmed
rCold   . . .      Faith    .   (no shield)
rNeg    . . .      Spirit   .   b - +0 robe
rPois   .          Reflect  .   (helmet restricted)
rElec   .          Harm     .   (no cloak)
rCorr   .          Rampage  .   (gloves unavailable)
Will    .....                   (boots unavailable)
Stlth   +.........              (no amulet)
HPRegen 1.16/turn               (no ring)
MPRegen 0.09/turn               (no ring)

@: glowing
A: large, unfitting armour, claws 3, regeneration 1, shaggy fur 1, tough skin 1
a: Renounce Religion


You were on level 4 of the Dungeon.
You worshipped the Shining One.
The Shining One was noncommittal.
You visited 1 branch of the dungeon, and saw 4 of its levels.

You collected 121 gold pieces.

Inventory:

Hand Weapons
 l - a +0 whip
Missiles
 c - 228 stones
 m - 5 silver javelins
Armour
 b - a +0 robe (worn)
Jewellery
 a - a ring of magical power
Scrolls
 d - 3 scrolls of identify {unknown}
 f - a scroll of immolation {unknown}
 g - a scroll of vulnerability {unknown}
 h - a scroll of fear {unknown}
 n - a scroll of teleportation {unknown}
Potions
 e - a potion of resistance {unknown}
 i - a potion of heal wounds {unknown}
 j - 2 potions of brilliance {unknown}
 k - a potion of haste {unknown}


   Skills:
 + Level 2.0 Fighting
 * Level 0.6 Maces & Flails
 - Level 1.5 Dodging
 - Level 1.0 Stealth
 - Level 3.3 Unarmed Combat
 - Level 1.2 Spellcasting
 - Level 0.6 Transmutations
 + Level 3.6 Earth Magic


You had 5 spell levels left.
You knew the following spells:

 Your Spells              Type           Power      Damage    Failure   Level
a - Sandblast             Erth           18%        2d7       7%          1

Your spell library contained the following spells:

 Spells                   Type           Power      Damage    Failure   Level
 Passwall                 Tmut/Erth      4%         N/A       19%         2
 Summon Small Mammal      Summ           0%         N/A       30%         1
 Stone Arrow              Conj/Erth      10%        3d7       38%         3
 Call Canine Familiar     Summ           0%         N/A       65%         3
 Summon Guardian Golem    Hex/Summ       0%         N/A       65%         3
 Petrify                  Tmut/Erth      5%         N/A       77%         4


Dungeon Overview and Level Annotations

Branches:
Dungeon (4/15)
 Temple: D:4-7

Altars:
Cheibriados
Fedhas
Uskayaw
Vehumet
Wu Jian
The Shining One


Innate Abilities, Weirdness & Mutations

You are too large for most types of armour.
You have claws for hands.
Your natural rate of healing is unusually fast.
You are covered in fur. (AC +1)
You have tough skin. (AC +1)


Message History

You claw the adder skeleton!
The adder skeleton is almost destroyed.
You closely miss the adder skeleton.
The adder skeleton is almost destroyed.
The adder skeleton closely misses you. The adder skeleton barely misses you.
You barely miss the adder skeleton.
The adder skeleton is almost destroyed.
The adder skeleton completely misses you.
You scratch the adder skeleton.
You destroy the adder skeleton!
The Shining One accepts your kill.
Your Fighting skill increases to level 2!
Found a stone staircase leading up.
A hobgoblin and a centaur come into view.
The centaur shouts!
The hobgoblin shouts!
The centaur wields a +0 shortbow.
The centaur shoots an arrow.
The arrow hits you!
The centaur shoots an arrow.
The arrow completely misses you.
An ufetubus comes into view.
The centaur shoots an arrow.
The arrow barely misses you.
The centaur shoots an arrow.
The arrow hits you.
You scratch the hobgoblin.
The hobgoblin is almost dead.
The centaur shoots an arrow.
The arrow hits you!
The centaur shoots an arrow.
The arrow hits you! The hobgoblin closely misses you.
The ufetubus shouts!
You closely miss the hobgoblin.
The hobgoblin is almost dead.
The centaur shoots an arrow.
The arrow hits you!
The hobgoblin hits you but does no damage.
You barely miss the hobgoblin.
The hobgoblin is almost dead.
The centaur shoots an arrow.
The arrow hits you!
* * * LOW HITPOINT WARNING * * *
The ufetubus closely misses you. x2; The centaur shoots an arrow.
The arrow hits you!
* * * LOW HITPOINT WARNING * * *
The hobgoblin hits you but does no damage.
The centaur unwields a +0 shortbow.
The centaur hits you.
You die...

..........###.##...##. ...
....................#. ....
..........#......#..#.
..c.##........###..#.###.#.
#.g.....#.......#..#.###...
....... ##...#..#..........
#.... #.......#(.##..... #
#....###5......#..##.....
..#......g@................
.........c.......##......##
................##.........
.......>.##................
.........####..#.......#...
.......#..##...#.....#####.
......##...#.........###_..
.....##<..##...#..##...#..#
..... ##...............##.#


You could see a centaur, an ufetubus and a hobgoblin.

Vanquished Creatures
  A water moccasin skeleton (D:4)
  A howler monkey skeleton (D:3)
  5 adders
  An adder skeleton (D:4)
  A dart slug (D:4)
  2 worms (D:2)
  3 orcs (D:3)
  5 endoplasms
  2 giant cockroaches
  7 goblins
  5 hobgoblins
  7 jackals
  8 kobolds
  3 quokkas
  5 ball pythons
  5 bats
  3 frilled lizards
  2 rats
66 creatures vanquished.

Notes
Turn   | Place    | Note
-------+----------+-------------------------------------------
     0 | D:1      | Spaninq the Troll Earth Elementalist began the quest for
                  | the Orb.
     0 | D:1      | Reached XP level 1. HP: 16/16 MP: 1/1
   205 | D:1      | Reached skill level 1 in Unarmed Combat
   226 | D:1      | Reached XP level 2. HP: 26/26 MP: 2/2
   902 | D:2      | Reached skill level 1 in Fighting
   902 | D:2      | Reached XP level 3. HP: 31/33 MP: 3/3
  1099 | D:2      | Reached XP level 4. HP: 41/41 MP: 4/4
  1432 | D:3      | You fall into a shaft and drop 1 floor!
  1475 | D:4      | Reached XP level 5. HP: 37/49 MP: 5/5
  1501 | D:3      | Found a glowing golden altar of the Shining One.
  1531 | D:3      | Became a worshipper of the Shining One
  1592 | D:3      | Found a faded altar of an unknown god.
  1825 | D:3      | Found a snail-covered altar of Cheibriados.
  2131 | D:4      | Found a hide-covered altar of Uskayaw.
  2132 | D:4      | Found a blossoming altar of Fedhas.
  2133 | D:4      | Found a radiant altar of Vehumet.
  2133 | D:4      | Found an ornate altar of the Wu Jian Council.
  2198 | D:4      | Noticed a centaur
  2210 | D:4      | Slain by a centaur

Illustrated notes

Levels and vault maps discovered:
D:1:      amcnicky_arrival_single_pillar, layout_basic, interstate_on_off
D:2:      layout_loops_ring
D:3:      layout_loops_ring, cheibriados_altar_1, tso_metal_star,
          hellmonk_ecumenical_altar_run_dry
D:4:      layout_cave_pools, okawaru_gym_becter, mainiacjoe_overflow_alcove_3,
          serial_rivers, chequers_serial_rivers_small_a,
          chequers_serial_rivers_micro_c, chequers_serial_rivers_room_b,
          chequers_serial_rivers_micro_c, minivault_27

Skill      XL: |  1  2  3  4  5 |
---------------+----------------+-----
Unarmed Combat | 1 2 3 |  3.3
Earth Magic    | 3 |  3.6
Fighting       | 1 2 |  2.0
Maces & Flails | |  0.6
Dodging        | |  1.5
Stealth        | |  1.0
Spellcasting   | |  1.2
Transmutations | |  0.6

Action                   |  1- 3 |  4- 6 || total
-------------------------+-------+-------++-------
Melee: Unarmed           |    91 |    79 ||   170
       Punch             |     1 |     1 ||     2
       Whip              |       |     2 ||     2
 Stab: Sleeping          |     5 |       ||     5
Armor: Robe              |    23 |    29 ||    52
Dodge: Dodged            |    29 |    41 ||    70

Table legend: (Time is in decaauts)
 A = Elapsed time spent in this place.
 B = Non-inter-level travel time spent in this place.
 C = Inter-level travel time spent in this place.
 D = Time resting spent in this place.
 E = Time spent auto-exploring this place.
 F = Levels seen in this place.
 G = Mean time per level.
                   A        B        C        D        E       F      G
               +--------+--------+--------+--------+--------+-----+--------+
         Total |   2203 |   2158 |     45 |      0 |   1597 |   4 |  550.8 |
       Dungeon |   2203 |   2158 |     45 |      0 |   1597 |   4 |  550.8 |
               +--------+--------+--------+--------+--------+-----+--------+

Top non-repeatable levels by time:
     D:1: 813 daAuts
     D:2: 592 daAuts
     D:3: 516 daAuts
     D:4: 280 daAuts
